 Dungeon Crawl Stone Soup version 0.17.1-2-g5865329 (webtiles) character file.

58 Grim the Grasshopper (level 3, 18/18 HPs)
             Began as a Spriggan Warper on Feb 12, 2016.
             Quit the game on level 2 of the Dungeon.
             The game lasted 00:04:34 (3006 turns).

Grim the Grasshopper (Spriggan Warper)              Turns: 3006, Time: 00:04:34

Health: 18/18      AC:  3    Str:  7    XL:     3   Next: 75%
Magic:  8/8        EV: 18    Int: 15    God:
Gold:   133        SH:  0    Dex: 15    Spells: 2 memorised, 4 levels left

rFire  . . .     SeeInvis +     a - +0 short sword
rCold  . . .     Clarity  .     b - +0 robe
rNeg   . . .     SustAt   .     (shield restricted)
rPois  .         Gourm    .     (helmet restricted)
rElec  .         Spirit   .     k - +0 cloak (curse)
rCorr  .         Warding  .     (gloves unavailable)
rMut   .         Stasis   .     (boots unavailable)
MR     .....                    (no amulet)
Stlth  ++........               (no ring)
                                (no ring)

@: very quick, not resistant to hostile enchantments, unstealthy
A: unfitting armour, see invisible, herbivore 3, speed 3, slow metabolism 2
a: no special abilities


You were on level 2 of the Dungeon.
You were not hungry.

You visited 1 branch of the dungeon, and saw 2 of its levels.

You collected 133 gold pieces.

Inventory:

Hand Weapons
 a - a +0 short sword (weapon)
 l - a +0 rapier
Missiles
 e - 5 tomahawks of dispersal (quivered)
Armour
 b - a +0 robe (worn)
 k - a cursed +0 cloak (worn)
Scrolls
 d - 2 scrolls of blinking
 g - a scroll of remove curse {unknown}
 i - 2 scrolls of identify {unknown}
Potions
 h - a potion of brilliance {unknown}
 j - 2 potions of might {unknown}
 m - a potion of heal wounds {unknown}
 n - a potion of haste {unknown}
Books
 c - a book of Spatial Translocations

   Spells                             Type                      Level
   a - Apportation                    Translocation                1
   b - Blink                          Translocation                2
   c - Shroud of Golubria             Charms/Translocation         2
   d - Portal Projectile              Translocation                3
   e - Teleport Other                 Translocation                3
   f - Passage of Golubria            Translocation                4
Comestibles
 f - 2 bread rations


   Skills:
 - Level 1.5 Fighting
 - Level 3.7 Short Blades
 - Level 1.0 Throwing
 - Level 3.5 Dodging
 + Level 1.4 Stealth
 - Level 2.6 Spellcasting
 + Level 5.3 Translocations


You had 4 spell levels left.
You knew the following spells:

 Your Spells              Type           Power        Failure   Level  Hunger
a - Apportation           Tloc           ###.......   2%          1    #......
b - Blink                 Tloc           N/A          4%          2    ##.....


Dungeon Overview and Level Annotations

Branches:
Dungeon (2/15)

Altars:

Annotations:
D:2 Sigmund


Innate Abilities, Weirdness & Mutations

You are tiny and cannot use many weapons and most armour.
You have supernaturally acute eyesight.
You are a herbivore.
You cover ground extremely quickly.
You need consume almost no food.


Message History

You closely miss the giant cockroach.
The giant cockroach is severely wounded.
The giant cockroach waves its antennae.
The giant cockroach misses you.
You closely miss the giant cockroach.
The giant cockroach is severely wounded.
The giant cockroach closely misses you.
You completely miss the giant cockroach.
The giant cockroach is severely wounded.
The giant cockroach closely misses you.
You closely miss the giant cockroach.
The giant cockroach is severely wounded.
The giant cockroach barely misses you.
You hit the giant cockroach.
You kill the giant cockroach!
No target in view!
f - 2 bread rations (gained 1)
m - a purple potion
n - a bubbling brown potion Are you sure you want to abandon this character and quit the game? (Confirm with "yes".)

##.# #... #..#
#..### #....##
#.....
########..#.##.#
###
#.......@......#
..#
#.####.##.#..###
#.# ###.####.# .#
...
#†#####......#.#
.. .
#.##.......#.#.#
### .#
#.##.##.#.......#
##.##
#.##.##.#........
#...# ####
#.......#..#.##.#
#...####...
#.......#....##.#
#...##.....


There were no monsters in sight!

Vanquished Creatures
  2 adders (D:2)
  An ooze (D:1)
  A worm (D:2)
  4 bats
  3 giant cockroaches
  2 hobgoblins (D:1)
  5 kobolds
  2 giant newts
  7 goblins (D:1)
  4 jackals (D:1)
  6 rats
37 creatures vanquished.

Notes
Turn   | Place    | Note
--------------------------------------------------------------
     0 | D:1      | Grim the Spriggan Warper began the quest for the Orb.
     0 | D:1      | Reached XP level 1. HP: 10/10 MP: 5/5
   609 | D:1      | Reached XP level 2. HP: 14/14 MP: 6/6
  1337 | D:1      | Reached XP level 3. HP: 9/18 MP: 8/8
  1779 | D:2      | Reached skill level 5 in Translocations
  1854 | D:2      | Learned a level 2 spell: Blink
  1911 | D:2      | Noticed Sigmund
  2858 | D:2      | Reached skill level 1 in Stealth
  3006 | D:2      | Quit the game

Action                   || total
-------------------------++-------
Melee: Short sword       ||   160
 Cast: Blink             ||     2
 Stab: Sleeping          ||     1
